 Dungeon Crawl Stone Soup version 0.16-a0-3107-g0c274cb (webtiles) character file.

157 myeffort the Ogre Mage (level 5, -1/45 HPs)
             Began as an Ogre Wizard on Dec 12, 2014.
             Slain by myeffort's ghost (11 damage)
             ... on level 3 of the Dungeon.
             The game lasted 00:07:28 (2371 turns).

myeffort the Ogre Mage (Ogre Wizard)                Turns: 2371, Time: 00:07:28

Health: -1/45      AC:  3    Str: 13    XL:     5   Next: 38%
Magic:  3/18       EV:  9    Int: 17    God:
Gold:   158        SH:  0    Dex:  8    Spells: 6 memorised, 4 levels left

rFire  . . .     SeeInvis .     g - +3 dagger (venom)
rCold  . . .     Clarity  .     a - +0 robe
rNeg   . . .     SustAb   .     (shield restricted)
rPois  .         Gourm    .     b - +0 hat
rElec  .         Spirit   .     (no cloak)
rCorr  .         Warding  .     (gloves unavailable)
rMut   .         Stasis   .     (boots unavailable)
MR     .....                    (no amulet)
Stlth  +.........               (no ring)
                                h - ring of invisibility

@: very slightly contaminated, not resistant to hostile enchantments, very
unstealthy
A: unfitting armour, tough skin 1
a: Evoke Invisibility


You were on level 3 of the Dungeon.
You were not hungry.

You visited 1 branch of the dungeon, and saw 3 of its levels.

You collected 158 gold pieces.

Inventory:

Hand weapons
 g - a +3 dagger of venom (weapon)
 o - a +0 club
Missiles
 e - 16 sling bullets
Armour
 a - a +0 robe (worn)
 b - a +0 hat (worn)
Jewellery
 h - a ring of invisibility (left hand)
 p - a -3 ring of protection
Magical devices
 s - a wand of magic darts (15)
Scrolls
 i - 4 scrolls of identify
 j - 4 scrolls of remove curse
 k - a scroll of noise {unknown}
 m - a scroll of enchant weapon {unknown}
 q - 3 scrolls of fog {unknown}
 t - a scroll of teleportation {unknown}
Potions
 n - a potion of restore abilities
Books
 c - a book of Minor Magic

   Spells                             Type                      Level
   a - Magic Dart                     Conjuration                  1
   b - Blink                          Translocation                2
   c - Call Imp                       Summoning                    2
   d - Repel Missiles                 Charms/Air                   2
   e - Slow                           Hexes                        2
   f - Conjure Flame                  Conjuration/Fire             3
   g - Mephitic Cloud                 Conjuration/Poison/Air       3
Comestibles
 d - 3 meat rations
 f - a beef jerky
 l - 4 bread rations


   Skills:
 - Level 1.7 Dodging
 - Level 1.5 Stealth
 + Level 6.6 Spellcasting
 - Level 0.6 Conjurations
 - Level 0.6 Summonings
 - Level 0.6 Translocations


You had 4 spell levels left.
You knew the following spells:

 Your Spells              Type           Power        Failure   Level  Hunger
a - Magic Dart            Conj           #...         12%         1    None
b - Call Imp              Summ           #.......     17%         2    None
c - Conjure Flame         Conj/Fire      #.......     38%         3    ##.....
d - Mephitic Cloud        Conj/Pois/Air  #.......     38%         3    ##.....
e - Repel Missiles        Chrm/Air       #.....       21%         2    None
f - Blink                 Tloc           N/A          17%         2    None


Dungeon Overview and Level Annotations

Branches:
Dungeon (3/15)

Altars:

Annotations:
D:2 Terence
D:3 myeffort's ghost, average OgWz


Innate Abilities, Weirdness & Mutations

You are too large for most types of armour.
You have tough skin (AC +1).


Message History

Myeffort's ghost hits your crimson imp!
Your crimson imp dies!
Myeffort's ghost hits you!
You hit myeffort's ghost.
Myeffort's ghost is almost destroyed.
Myeffort's ghost hits you.
You closely miss myeffort's ghost.
Myeffort's ghost is almost destroyed.
Myeffort's ghost barely misses you.
You completely miss myeffort's ghost.
Myeffort's ghost is almost destroyed.
Myeffort's ghost hits you!
You completely miss myeffort's ghost.
Myeffort's ghost is almost destroyed.
Myeffort's ghost hits you!
* * * LOW HITPOINT WARNING * * *
You closely miss myeffort's ghost.
Myeffort's ghost is almost destroyed.
Myeffort's ghost hits you!
You die...

#.# #......#######
#.# #####.......#
#.#########.......#
#.#...............#
#.#..............(#
###.#.........#######
#).........<..#
#....W.......##
#....@.......#
#######....#########
#..........#
#..........##
#...........#
#...........#
#...........#
#...........#
#...........#


You could see myeffort's ghost.

Vanquished Creatures
  Sigmund (D:3)
  3 adders
  A giant mite (D:1)
  An orc (D:3)
  2 ball pythons
  5 bats
  3 goblins
  6 hobgoblins
  8 kobolds
  3 quokkas
  4 giant cockroaches
  2 giant newts (D:1)
  10 rats
49 creatures vanquished.

Vanquished Creatures (collateral kills)
  Ijyb (D:3)
  Jessica (D:2)
  A goblin (D:2)
  A kobold (D:2)
  A giant newt (D:3)
5 creatures vanquished.

Vanquished Creatures (others)
  2 crimson imps (D:3)
  6 shadow imps
  2 white imps (D:3)
10 creatures vanquished.

Grand Total: 64 creatures vanquished

Notes
Turn   | Place    | Note
--------------------------------------------------------------
     0 | D:1      | myeffort, the Ogre Wizard, began the quest for the Orb.
     0 | D:1      | Reached XP level 1. HP: 16/16 MP: 4/4
   105 | D:1      | Reached skill level 4 in Spellcasting
   169 | D:1      | Reached XP level 2. HP: 18/24 MP: 7/7
   201 | D:1      | Learned a level 2 spell: Call Imp
   598 | D:1      | Reached XP level 3. HP: 25/31 MP: 7/10
   743 | D:2      | Reached skill level 5 in Spellcasting
   941 | D:2      | Reached XP level 4. HP: 39/39 MP: 4/13
   983 | D:2      | Noticed Jessica
   986 | D:2      | Killed Jessica
  1047 | D:2      | Noticed Terence
  1667 | D:3      | Noticed Ijyb
  1678 | D:3      | Killed Ijyb
  1784 | D:3      | Noticed myeffort's ghost (average OgWz)
  2058 | D:3      | Noticed Sigmund
  2078 | D:3      | Killed Sigmund
  2078 | D:3      | Reached skill level 6 in Spellcasting
  2078 | D:3      | Reached XP level 5. HP: 32/45 MP: 13/18
  2093 | D:3      | Learned a level 3 spell: Conjure Flame
  2097 | D:3      | Learned a level 3 spell: Mephitic Cloud
  2100 | D:3      | Learned a level 2 spell: Repel Missiles
  2103 | D:3      | Learned a level 2 spell: Blink
  2371 | D:3      | Slain by myeffort's ghost

Action                   |  1- 3 |  4- 6 || total
-------------------------+-------+-------++-------
Melee: Unarmed           |    12 |       ||    12
       Dagger            |    30 |    24 ||    54
Throw: Throwing net      |       |     1 ||     1
 Cast: Magic Dart        |    56 |    29 ||    85
       Call Imp          |       |    21 ||    21
  Use: Potion            |       |     5 ||     5
       Scroll            |       |     2 ||     2
  Eat: Chunk             |       |     4 ||     4
